 Dungeon Crawl Stone Soup version 0.31.0-32-g396128a36d (webtiles) character file.

Game seed: 509024842166567126

72 spaghetti the Trooper (level 4, -12/36 HPs)
             Began as a Naga Chaos Knight on Mar 9, 2024.
             Was a Plaything of Xom.
             Mangled by Natasha the komodo dragon (24 damage)
             ... on level 2 of the Dungeon.
             The game lasted 00:01:42 (1322 turns).

spaghetti the Trooper (Naga Chaos Knight)           Turns: 1322, Time: 00:01:42

Health: -12/36     AC:  5    Str: 14    XL:     4   Next: 25%
Magic:  4/4        EV:  9    Int: 18    God:    Xom [.*....]
Gold:   69         SH:  0    Dex:  9    Spells: 3/3 levels left

rFire   . . .        a - +0 short sword (chaos)
rCold   . . .        (no shield)
rNeg    . . .        b - +2 leather armour
rPois   +            (helmet restricted)
rElec   .            (no cloak)
rCorr   .            (no gloves)
SInv    +            (no barding)
Will    .....        (no amulet)
Stlth   +            (no ring)
HPRegen 0.26/turn    (no ring)
MPRegen 0.09/turn

%: no passive effects
@: very slow
A: AC +1, large, see invisible, deformed body, poison resistance, slowness 2,
spit poison 1, naga tail 1, antennae 1, clever 1, frail 2, inability to drink
after injury 1, devolution 1, persistent drain
a: Spit Poison, Renounce Religion


You were on level 2 of the Dungeon.
You worshipped Xom.
You were a plaything of Xom.
You visited 1 branch of the dungeon, and saw 2 of its levels.

You collected 69 gold pieces.

Inventory:

Hand Weapons
 a - a +0 short sword of chaos (weapon)
Armour
 b - a +2 leather armour (worn)
Scrolls
 c - 2 scrolls of butterflies
 d - a scroll of enchant armour {unknown}


   Skills:
 + Level 5.0 Fighting
 - Level 3.0 Short Blades
 - Level 1.5 Armour
 - Level 0.7 Dodging


You had 3 spell levels left.
You didn't know any spells.
Your spell library contained the following spells:

 Spells                   Type           Power      Damage    Failure   Level
 Fugue of the Fallen      Necr           0%         N/A       63%         3
 Ozocubu's Armour         Ice            0%         N/A       63%         3
 Manifold Assault         Tloc           0%         N/A       95%         4


Dungeon Overview and Level Annotations

Branches:
Dungeon (2/15)

Altars:

Annotations:
D:2 Natasha


Innate Abilities, Weirdness & Mutations

Your serpentine skin is tough. (AC +1)
You have supernaturally acute eyesight. (SInv)
Armour fits poorly on your strangely shaped body.
Your system is resistant to poisons. (rPois)
You cover ground very slowly.
You can spit poison.
You have a snake-like lower body.
You have a pair of small antennae on your head.
Your mind is acute. (Int +4, Str/Dex -1)
You are very frail. (-20% HP)
You occasionally lose the ability to drink potions when taking damage.
You have hidden genetic defects.
Your health recovers twice as slowly from being drained.


Message History

A hobgoblin is nearby!
You completely miss the hobgoblin.
The hobgoblin is severely wounded.
The hobgoblin hits you.
You hit the hobgoblin.
You kill the hobgoblin!
Your Fighting skill increases to level 5!
You see here a hobgoblin corpse.
Natasha, Servant of Life and Death comes into view.
Natasha is nearby!
Natasha is nearby!
Natasha is nearby!
Natasha hisses angrily.
You hit Natasha but do no damage.
Natasha suddenly seems more resistant.
Natasha completely misses you.
You hit Natasha.
Natasha is moderately wounded.
You barely miss Natasha.
Natasha is moderately wounded.
Natasha misses you.
You closely miss Natasha.
Natasha is moderately wounded.
Natasha barely misses you.
You hit Natasha but do no damage.
Natasha is moderately wounded.
Natasha stares at you and mumbles some strange words.
You resist with some effort.
You hit Natasha.
Nothing appears to happen.
Natasha is heavily wounded.
You hear Xom's avuncular chuckle.
Natasha evaporates and reforms as a komodo dragon!
You hit Natasha but do no damage.
Natasha seems to speed up.
You punch Natasha, but do no damage.
Natasha is heavily wounded.
Natasha bites you!!
Ouch! That really hurt!
Natasha bites you!!
Ouch! That really hurt!
You die...
Xom giggles madly!

## ..## .######..#
......##.#
......##.####
......##....#
............#
............######
.................###
######.........l@.†#
#......#....#......#
#......#....######..#
#......#....#
#......#......
#......#...####
########...# #...#


You could see Natasha the komodo dragon (fast).

Vanquished Creatures
  Natasha (D:2)
  3 dart slugs
  A ribbon worm (D:2)
  4 bats
  2 endoplasms (D:1)
  3 giant cockroaches
  3 goblins (D:1)
  4 hobgoblins
  A quokka (D:2)
  6 ball pythons (D:1)
  2 frilled lizards
  3 kobolds (D:2)
  2 rats (D:1)
35 creatures vanquished.

Vanquished Creatures (others)
  A rat (D:2)
1 creature vanquished.

Grand Total: 36 creatures vanquished

Notes
Turn   | Place    | Note
-------+----------+-------------------------------------------
     0 | D:1      | spaghetti the Naga Chaos Knight began the quest for the
                  | Orb.
     0 | D:1      | Reached XP level 1. HP: 21/21 MP: 1/1
   146 | D:1      | XOM: divination: detect creatures
   193 | D:1      | Reached XP level 2. HP: 28/28 MP: 2/2
   378 | D:1      | XOM: silly message
   461 | D:1      | Reached skill level 4 in Fighting
   527 | D:1      | XOM: god gift: 7 stones
   637 | D:1      | Reached XP level 3. HP: 36/36 MP: 3/3
   763 | D:1      | XOM: summons 3 hostile shadow creatures
  1004 | D:1      | XOM: give mutations
  1004 | D:1      | Gained mutation: You have a pair of small antennae on your
                  | head. [Xom's mischief]
  1004 | D:1      | Gained mutation: Your mind is acute. (Int +4, Str/Dex -1)
                  | [Xom's mischief]
  1004 | D:1      | Gained mutation: You have hidden genetic defects. [Xom's
                  | mischief]
  1004 | D:1      | Gained mutation: You are frail. (-10% HP) [Xom's mischief]
  1116 | D:2      | XOM: give mutations
  1116 | D:2      | Gained mutation: You are very frail. (-20% HP) [Xom's
                  | mischief]
  1116 | D:2      | Gained mutation: Your health recovers twice as slowly from
                  | being drained. [Xom's mischief]
  1168 | D:2      | Noticed Natasha
  1168 | D:2      | XOM: 3-stop teleportation journey
  1173 | D:2      | Killed Natasha
  1174 | D:2      | Reached XP level 4. HP: 33/36 MP: 4/4
  1179 | D:2      | Gained mutation: You occasionally lose the ability to drink
                  | potions when taking damage. [hidden defects]
  1291 | D:2      | Reached skill level 5 in Fighting
  1313 | D:2      | Noticed Natasha
  1321 | D:2      | Natasha changed into Natasha the komodo dragon
  1321 | D:2      | Noticed Natasha
  1321 | D:2      | XOM: polymorph Natasha -> Natasha the komodo dragon
  1322 | D:2      | Mangled by Natasha the komodo dragon

Illustrated notes

Levels and vault maps discovered:
D:1:      spicycebolla_arrival_ecumenical, layout_basic
D:2:      layout_basic, uniq_natasha

Skill      XL: |  1  2  3  4 |
---------------+-------------+-----
Fighting       | 4 5 |  5.0
Short Blades   | |  3.0
Armour         | |  1.5
Dodging        | |  0.7

Action                     |  1- 3 |  4- 6 || total
---------------------------+-------+-------++-------
  Melee: Short sword       |   101 |    52 ||   153
         Punch             |     1 |     1 ||     2
Ability: Spit Poison       |     2 |       ||     2
    Use: Potion            |     4 |       ||     4
         Scroll            |     3 |       ||     3
 Armour: Leather armour    |    60 |    36 ||    96
  Dodge: Dodged            |    49 |    23 ||    72
